 Dungeon Crawl Stone Soup version 0.27-a0-1579-g97d2440184 (webtiles) character file.

Game seed: 5497814931254900932

1657 elagabalus the Basher (level 9, -17/51 HPs)
             Began as a Gargoyle Fighter on July 18, 2021.
             Was a Believer of Makhleb.
             Killed from afar by a manticore (19 damage)
             ... with a volley of spikes
             ... on level 6 of the Dungeon.
             The game lasted 00:39:46 (3911 turns).

elagabalus the Basher (Gargoyle Fighter)            Turns: 3911, Time: 00:39:46

Health: -17/51     AC: 19    Str: 22    XL:     9   Next: 0%
Magic:  9/9        EV:  9    Int: 10    God:    Makhleb [**....]
Gold:   241        SH:  9    Dex:  9    Spells: 8/8 levels left

rFire    . . .     SeeInvis .   a - +0 flail (drain)
rCold    . . .     Faith    .   c - +0 kite shield
rNeg     + . .     Spirit   .   o - +0 chain mail
rPois    ∞         Reflect  .   i - +2 helmet
rElec    +         Harm     .   h - +0 cloak
rCorr    .         Rampage  .   (no gloves)
Will     .....                  (no boots)
Stlth    ..........             (no amulet)
HPRegen  0.17/turn              f - +4 ring of evasion
MPRegen  0.11/turn              (no ring)

@: spiked
A: sickness immunity, AC +6, negative energy resistance 1, electricity
resistance, torment resistance 1, petrification resistance
a: Renounce Religion, Minor Destruction


You were on level 6 of the Dungeon.
You worshipped Makhleb.
Makhleb was pleased with you.
You visited 1 branch of the dungeon, and saw 6 of its levels.

You collected 241 gold pieces.

Inventory:

Hand Weapons
 a - a +0 flail of draining (weapon)
 b - a +4 quarterstaff of chaos
Missiles
 l - 31 poisoned darts (quivered)
Armour
 c - a +0 kite shield (worn)
 g - a +2 leather armour of fire resistance
 h - a +0 cloak (worn)
 i - a +2 helmet (worn)
 o - a +0 chain mail (worn)
Magical Staves
 n - a staff of fire
Jewellery
 f - a +4 ring of evasion (left hand)
Wands
 q - a wand of iceblast (16)
Scrolls
 m - 2 scrolls of noise
 s - 2 scrolls of teleportation
Potions
 d - a potion of might
 e - 2 potions of curing {unknown}
 j - a potion of berserk rage
 k - 6 potions of degeneration
 p - 2 potions of brilliance {unknown}
 r - 2 potions of lignification {unknown}


   Skills:
 - Level 3.2 Fighting
 * Level 11.1 Maces & Flails
 - Level 3.2 Armour
 - Level 3.2 Shields


You had 8 spell levels left.
You didn't know any spells.
Your spell library contained the following spells:

 Spells                   Type           Power      Damage    Failure   Level
 Gell's Gravitas          Tloc           0%         N/A       100%        3
 Lesser Beckoning         Tloc           0%         N/A       100%        3
 Teleport Other           Tloc           0%         N/A       100%        3


Dungeon Overview and Level Annotations

Branches:
Dungeon (6/15)             Temple (0/1) D:4

Altars:
Makhleb
Nemelex Xobeh


Innate Abilities, Weirdness & Mutations

You are immune to sickness and miasma.
Your stone body is resilient. (AC +6)
You are immune to poison.
You resist negative energy. (rN+)
You are resistant to electric shocks. (rElec)
You are resistant to unholy torment.
You are immune to petrification.


Message History

Your experience leads to an increase in your attributes!
Increase (S)trength, (I)ntelligence, or (D)exterity?
You feel stronger.
You closely miss the shadow imp.
The shadow imp hits you but does no damage.
You sock the shadow imp!
The shadow imp is severely wounded.
The shadow imp hits you.
You sock the shadow imp!
You kill the shadow imp!
Makhleb accepts your kill.
You feel better.
You sock the manticore!
The manticore is moderately wounded.
The manticore bites you. The manticore claws you.
You block the manticore's attack.
You hit the manticore.
The manticore is moderately wounded.
You block the manticore's attack. The manticore completely misses you.
The manticore claws you.
You hit the manticore but do no damage. You drain the manticore.
The manticore is moderately wounded.
The manticore bites you but does no damage.
The manticore barely misses you.
The manticore claws you but does no damage.
You barely miss the manticore.
The manticore is moderately wounded.
The manticore bites you but does no damage.
You block the manticore's attack. The manticore claws you.
You hit the manticore.
The manticore is heavily wounded.
The manticore bites you!
* * * LOW HITPOINT WARNING * * *
You block the manticore's attack.
The manticore claws you but does no damage.
Okay, then.
The manticore flicks its tail.
The volley of spikes hits you!!
The barbed spikes become lodged in your body.
You die...

...#...........#
...
#....########
... #....##
...#.....#
#.#.....#
#.......#
##......#
#......#
#....@.#
#.##.##....#
....$.H..+......
......#.##....##
..#....#.. ...##
.....$ ... ..#
.#... .... #..
.... ... #.>...


You could see a manticore (drained).

Vanquished Creatures
  A water moccasin (D:5)
  3 necrophages
  2 ogres
  A scorpion (D:3)
  A water moccasin skeleton (D:5)
  7 wights
  A centaur zombie (D:5)
  3 hounds
  An orc priest (D:4)
  Crazy Yiuf (D:2)
  2 centaur skeletons
  2 gnoll shamans
  3 iguanas
  Natasha (D:2)
  A hound skeleton (D:4)
  Robin (D:2)
  12 gnolls
  6 adders
  A howler monkey skeleton (D:4)
  A shadow imp (D:6)
  4 worms
  3 dart slugs
  4 orcs
  7 ball pythons
  8 endoplasms
  6 giant cockroaches
  14 goblins
  11 hobgoblins
  6 jackals (D:1)
  6 kobolds
  2 quokkas (D:1)
  4 bats (D:1)
  5 frilled lizards
  6 rats
137 creatures vanquished.

Notes
Turn   | Place    | Note
-------+----------+-------------------------------------------
     0 | D:1      | elagabalus the Gargoyle Fighter began the quest for the
                  | Orb.
     0 | D:1      | Reached XP level 1. HP: 14/14 MP: 1/1
    51 | D:1      | Reached XP level 2. HP: 4/19 MP: 2/2
   219 | D:1      | Reached skill level 3 in Maces & Flails
   367 | D:1      | Reached XP level 3. HP: 20/23 MP: 3/3
   621 | D:1      | Found a faded altar of an unknown god.
   709 | D:1      | Reached skill level 4 in Maces & Flails
   963 | D:2      | Reached XP level 4. HP: 28/28 MP: 4/4
   968 | D:2      | Noticed Robin
  1003 | D:2      | Killed Robin
  1088 | D:2      | Noticed Natasha
  1142 | D:2      | Killed Natasha
  1143 | D:2      | Reached skill level 5 in Maces & Flails
  1143 | D:2      | Reached XP level 5. HP: 31/32 MP: 5/5
  1285 | D:2      | Found a runed translucent door.
  1286 | D:2      | Noticed Crazy Yiuf
  1298 | D:2      | Killed Crazy Yiuf
  1688 | D:2      | Reached skill level 6 in Maces & Flails
  1945 | D:3      | Reached XP level 6. HP: 35/37 MP: 6/6
  2136 | D:3      | Found a burning altar of Makhleb.
  2156 | D:3      | Became a worshipper of Makhleb the Destroyer
  2501 | D:4      | Reached skill level 7 in Maces & Flails
  2570 | D:4      | Noticed a necrophage
  2592 | D:4      | Killed a necrophage
  2593 | D:4      | Reached XP level 7. HP: 39/41 MP: 7/7
  2666 | D:4      | Reached skill level 8 in Maces & Flails
  2885 | D:4      | Reached * piety under Makhleb
  3129 | D:4      | Found a staircase to the Ecumenical Temple.
  3189 | D:4      | Reached skill level 9 in Maces & Flails
  3189 | D:4      | Reached XP level 8. HP: 24/46 MP: 8/8
  3408 | D:5      | Entered Level 5 of the Dungeon
  3682 | D:5      | Reached skill level 10 in Maces & Flails
  3694 | D:5      | Found a sparkling altar of Nemelex Xobeh.
  3860 | D:6      | Reached skill level 11 in Maces & Flails
  3899 | D:6      | Noticed a manticore
  3902 | D:6      | Reached ** piety under Makhleb
  3903 | D:6      | Reached XP level 9. HP: 32/51 MP: 9/9
  3910 | D:6      | HP: 2/51 [manticore (16)]
  3911 | D:6      | Killed from afar by a manticore

Illustrated notes

Levels and vault maps discovered:
D:1:      wander_arrival_peaceful_grave, layout_basic,
          shapermc_ecumenical_altar_mp_highgroup, hex_medium
D:2:      layout_loops_corners, uniq_robin, uniq_crazy_yiuf_cottage,
          uniq_natasha
D:3:      minmay_door_path, layout_rooms, lemuel_doored_altar
D:4:      layout_basic, temple_green, serial_bayou_pond_d, lemuel_another_geyser
D:5:      layout_rooms, kennysheep_little_box
D:6:      layout_basic, mainiacjoe_overflow_surrounded_room,
          chequers_serial_rivers_micro_b

Skill      XL: |  1  2  3  4  5  6  7  8 |
---------------+-------------------------+-----
Maces & Flails | 3 4 5 6 7 9 11 | 11.1
Fighting       | |  3.2
Armour         | |  3.2
Shields        | |  3.2

Action                   |  1- 3 |  4- 6 |  7- 9 || total
-------------------------+-------+-------+-------++-------
Melee: Flail             |   106 |   192 |   231 ||   529
  Use: Scroll            |       |     6 |     5 ||    11
       Potion            |       |       |     1 ||     1
Armor: Scale mail        |     9 |       |       ||     9
       Leather armour    |    30 |    50 |    24 ||   104
       Chain mail        |       |       |    82 ||    82
Dodge: Dodged            |    54 |    99 |   103 ||   256
Block: Kite shield       |    46 |    78 |   139 ||   263

Table legend: (Time is in decaauts)
 A = Elapsed time spent in this place.
 B = Non-inter-level travel time spent in this place.
 C = Inter-level travel time spent in this place.
 D = Time resting spent in this place.
 E = Time spent auto-exploring this place.
 F = Levels seen in this place.
 G = Mean time per level.
                   A        B        C        D        E       F      G
               +--------+--------+--------+--------+--------+-----+--------+
         Total |   4077 |   1404 |   2673 |      0 |      0 |   6 |  679.5 |
       Dungeon |   4077 |   1404 |   2673 |      0 |      0 |   6 |  679.5 |
               +--------+--------+--------+--------+--------+-----+--------+

Top non-repeatable levels by time:
     D:1: 1004 daAuts
     D:2: 988 daAuts
     D:4: 978 daAuts
     D:3: 582 daAuts
     D:5: 412 daAuts
     D:6: 111 daAuts
